 Dungeon Crawl Stone Soup version 0.29.0-5-ge4962eb29e (webtiles) character file.

Game seed: 9908464264414535381

98 night the Stinger (level 4, -1/30 HPs)
             Began as a Demonspawn Venom Mage on Aug 29, 2022.
             Succumbed to Crazy Yiuf's poison
             ... on level 2 of the Dungeon.
             The game lasted 00:06:51 (2642 turns).

night the Stinger (Demonspawn Venom Mage)           Turns: 2642, Time: 00:06:52

Health: -1/30      AC: 11    Str:  8    XL:     4   Next: 43%
Magic:  7/8        EV: 10    Int: 19    God:
Gold:   55         SH:  0    Dex: 13    Spells: 3/9 levels left

rFire   . . .      SeeInvis .   j - +0 dagger
rCold   . . .      Faith    .   (no shield)
rNeg    . . .      Spirit   .   p - +3 ring mail
rPois   .          Reflect  .   n - +0 helmet
rElec   .          Harm     .   (no cloak)
rCorr   .          Rampage  .   (no gloves)
Will    .....                   (no boots)
Stlth   +.........              (no amulet)
HPRegen 0.10/turn               (no ring)
MPRegen 0.22/turn               (no ring)

@: lethally poisoned (-1 -> -23)
A: thin metallic scales 1, demonic guardian 1, magic regeneration
a: no special abilities


You were on level 2 of the Dungeon.
You visited 1 branch of the dungeon, and saw 2 of its levels.

You collected 55 gold pieces.

Inventory:

Hand Weapons
 j - a +0 dagger (weapon)
Missiles
 c - 6 poisoned darts
 k - 23 stones
 m - 6 boomerangs
Armour
 h - a +1 robe of positive energy
 n - a +0 helmet (worn)
 p - a +3 ring mail (worn)
Jewellery
 f - a +6 ring of strength
Scrolls
 i - 5 scrolls of identify
 o - a scroll of fear {unknown}
Potions
 a - a potion of ambrosia {unknown}
 b - 2 potions of magic
 d - 2 potions of flight {unknown}
 e - a potion of invisibility {unknown}
 g - 2 potions of brilliance
 l - 2 potions of degeneration {unknown}


   Skills:
 + Level 0.5 Armour
 - Level 1.7 Dodging
 - Level 1.7 Stealth
 + Level 3.3 Spellcasting
 - Level 0.8 Transmutations
 + Level 4.2 Poison Magic


You had 3 spell levels left.
You knew the following spells:

 Your Spells              Type           Power      Damage    Failure   Level
a - Sting                 Tmut/Pois      48%        1d5       16%         1
b - Poisonous Vapours     Pois/Air       22%        N/A       28%         2
c - Mephitic Cloud        Conj/Pois/Air  8%         N/A       61%         3

Your spell library contained the following spells:

 Spells                   Type           Power      Damage    Failure   Level
 Gell's Gravitas          Tloc           3%         N/A       80%         3
 Teleport Other           Tloc           3%         N/A       80%         3
 Olgreb's Toxic Radiance  Pois           19%        N/A       61%         4
 Petrify                  Tmut/Erth      4%         N/A       98%         4
 Metabolic Englaciation   Hex/Ice        1%         N/A       100%        5
 Dispersal                Tloc           1%         N/A       100%        6
 Statue Form              Tmut/Erth      2%         N/A       100%        6


Dungeon Overview and Level Annotations

Branches:
Dungeon (2/15)

Altars:

Annotations:
D:2 Crazy Yiuf


Innate Abilities, Weirdness & Mutations

You are partially covered in thin metallic scales. (AC +2)
A weak demonic guardian rushes to your aid.
You regenerate magic rapidly.


Message History

Aim: Crazy Yiuf, wielding a +3 quarterstaff of chaos and wearing a +1 cloak of poison resistance (75% to hit)
The sting hits Crazy Yiuf but does no damage.
Crazy Yiuf is poisoned.
Crazy Yiuf screams, "Earwax ladder tired!"
Crazy Yiuf hits you with a +3 quarterstaff of chaos.
A demonic guardian appears!
Casting: Sting (safe; 16% risk of failure)
Confirm with . or Enter, or press ? or * to list all spells.
Aiming: Sting (safe; 16% risk of failure)
Press: ? - help, Shift-Dir - straight line, f/p - Crazy Yiuf
Aim: Crazy Yiuf, wielding a +3 quarterstaff of chaos and wearing a +1 cloak of poison resistance (poisoned, ally target, 75% to hit)
The sting hits Crazy Yiuf but does no damage.
Crazy Yiuf looks even sicker.
Your quasit bites Crazy Yiuf.
Your quasit barely misses Crazy Yiuf.
Your quasit completely misses Crazy Yiuf.
Crazy Yiuf hits you with a +3 quarterstaff of chaos.
Crazy Yiuf freezes you.
You hit Crazy Yiuf but do no damage.
Crazy Yiuf is lightly wounded.
Your quasit barely misses Crazy Yiuf.
Your quasit claws Crazy Yiuf but does no damage.
Your quasit barely misses Crazy Yiuf.
Crazy Yiuf misses you.
You hit Crazy Yiuf but do no damage.
Crazy Yiuf is lightly wounded.
Your quasit bites Crazy Yiuf but does no damage.
Your quasit closely misses Crazy Yiuf.
Your quasit claws Crazy Yiuf but does no damage.
Crazy Yiuf hits you with a +3 quarterstaff of chaos!
You are poisoned.
As you read the scroll of butterflies, it crumbles to dust.
You hear the tinkle of a tiny bell.
You feel sick.
Your quasit bites Crazy Yiuf but does no damage.
Your quasit claws Crazy Yiuf.
Your quasit closely misses Crazy Yiuf.
Your quasit barely misses Crazy Yiuf.
Your quasit claws Crazy Yiuf but does no damage. x2
Crazy Yiuf hits you with a +3 quarterstaff of chaos!
* * * LOW HITPOINT WARNING * * *
You are more poisoned.
You swap places.
You die...

########
♣♣♣♣♣##......### ###
♣♣♣.♣.............
#..b#♣@b♣.P♣...........
#..bgb♣♣♣♣PP...........
#).5#♣♣ ♣♣P...##.#####
### ♣♣##.....####
#........# #.....#...
##........ ####.....
##......


You could see Crazy Yiuf (very poisoned, ally target) and a friendly quasit
(summoned).

Vanquished Creatures
  Terence (D:2)
  2 adders (D:2)
  2 worms (D:2)
  3 bats
  7 endoplasms
  A giant cockroach (D:1)
  5 goblins
  5 hobgoblins
  4 jackals (D:1)
  5 kobolds
  A quokka (D:1)
  2 ball pythons
  3 frilled lizards
  2 rats (D:1)
43 creatures vanquished.

Vanquished Creatures (others)
  A fungus (D:2)
1 creature vanquished.

Grand Total: 44 creatures vanquished

Notes
Turn   | Place    | Note
-------+----------+-------------------------------------------
     0 | D:1      | night the Demonspawn Venom Mage began the quest for the
                  | Orb.
     0 | D:1      | Reached XP level 1. HP: 13/13 MP: 3/3
   384 | D:1      | Gained mutation: You are partially covered in thin metallic
                  | scales. (AC +2) [demonic ancestry]
   384 | D:1      | Reached XP level 2. HP: 19/19 MP: 3/5
   392 | D:1      | Learned a level 2 spell: Poisonous Vapours
  1165 | D:1      | Found a faded altar of an unknown god.
  1619 | D:1      | Gained mutation: You regenerate magic rapidly. [demonic
                  | ancestry]
  1619 | D:1      | Reached XP level 3. HP: 24/24 MP: 1/7
  1836 | D:2      | Learned a level 3 spell: Mephitic Cloud
  1928 | D:2      | Noticed Terence
  1955 | D:2      | Killed Terence
  1956 | D:2      | Reached skill level 4 in Poison Magic
  1956 | D:2      | Gained mutation: A weak demonic guardian rushes to your
                  | aid. [demonic ancestry]
  1956 | D:2      | Reached XP level 4. HP: 30/30 MP: 4/8
  2632 | D:2      | Found a runed translucent door.
  2633 | D:2      | Noticed Crazy Yiuf
  2641 | D:2      | HP: 3/30 [Crazy Yiuf/+3 quarterstaff of chaos (8)]
  2642 | D:2      | Succumbed to Crazy Yiuf's poison

Illustrated notes

Levels and vault maps discovered:
D:1:      lemuel_arrival_muddy, layout_loops_ring,
          shapermc_ecumenical_altar_starsandcircs, supply_closet_lemuel
D:2:      layout_rooms, minmay_misc_feat_pillars, uniq_crazy_yiuf_cottage,
          uniq_terence

Skill      XL: |  1  2  3 |
---------------+----------+-----
Spellcasting   | 3 |  3.3
Poison Magic   | 4 |  4.2
Armour         | |  0.5
Dodging        | |  1.7
Stealth        | |  1.7
Transmutations | |  0.8

Action                   |  1- 3 |  4- 6 || total
-------------------------+-------+-------++-------
Melee: Dagger            |     7 |    14 ||    21
 Cast: Sting             |    33 |    13 ||    46
       Poisonous Vapours |    28 |    10 ||    38
  Use: Scroll            |     2 |     1 ||     3
 Stab: Sleeping          |     1 |       ||     1
Armor: Robe              |     6 |       ||     6
       Ring mail         |       |     8 ||     8
Dodge: Dodged            |    16 |     8 ||    24
